 Dungeon Crawl Stone Soup version 0.19-a0-1837-gdfe47cf (webtiles) character file.

176 tyvek the Ruffian (level 5, -6/42 HPs)
             Began as a Draconian Transmuter on Oct 8, 2016.
             Was an Initiate of Cheibriados.
             Splashed by a jelly's acid (7 damage)
             ... on level 3 of the Dungeon on Oct 9, 2016.
             The game lasted 00:12:47 (4248 turns).

tyvek the Ruffian (Draconian Transmuter)            Turns: 4248, Time: 00:12:48

Health: -6/42      AC: -7    Str: 19    XL:     5   Next: 30%
Magic:  6/8        EV: 13    Int: 15    God:    Cheibriados [......]
Gold:   158        SH:  0    Dex: 12    Spells: 2 memorised, 5 levels left

rFire  . . .     SeeInvis .       - Unarmed
rCold  . . .     Gourm    .     (armour unavailable)
rNeg   . . .     Faith    .     (no shield)
rPois  .         Spirit   .     (helmet restricted)
rElec  .         Dismiss  .     (no cloak)
rCorr  .         Reflect  .     (no gloves)
MR     .....     Harm     .     (no boots)
Stlth  +.........               (no amulet)
                                p - +1 ring of evasion
                                t - +5 ring of strength

@: corroded, very slightly contaminated, very slow
A: unfitting armour, cold-blooded, AC +5
a: Bend Time, Renounce Religion


You were on level 3 of the Dungeon.
You worshipped Cheibriados.
Cheibriados was noncommittal.
You were not hungry.

You visited 1 branch of the dungeon, and saw 4 of its levels.

You collected 158 gold pieces.

Inventory:

Missiles
 a - 93 arrows
Jewellery
 e - an uncursed ring of resist corrosion
   (You found it on level 1 of the Dungeon)
 p - a +1 ring of evasion (right hand)
   (You found it on level 2 of the Dungeon)
 t - a +5 ring of strength (left hand)
   (You found it on level 3 of the Dungeon)
Wands
 v - a wand of confusion (17/48)
   (You found it on level 3 of the Dungeon)
Scrolls
 h - 4 scrolls of teleportation {unknown}
 j - 3 scrolls of remove curse {unknown}
 n - 2 scrolls of amnesia {unknown}
 r - 2 scrolls of noise {unknown}
Potions
 f - a potion of flight
 g - a potion of heal wounds
 i - a potion of magic
 k - 2 potions of curing
 q - a potion of resistance
Books
 b - a book of Changes
Comestibles
 c - 3 bread rations {@e1}
 d - 2 slices of pizza
 m - 2 meat rations {@e2}
 o - a royal jelly
 s - 6 fruits


   Skills:
 + Level 2.4 Fighting
 + Level 2.4 Dodging
 * Level 4.4 Unarmed Combat
 - Level 2.0 Spellcasting
 * Level 3.4 Transmutations


You had 5 spell levels left.
You knew the following spells:

 Your Spells              Type           Power        Failure   Level  Hunger
a - Beastly Appendage     Tmut           ##....       8%          1    #......
s - Sticks to Snakes      Tmut           ##......     12%         2    ###....


Dungeon Overview and Level Annotations

Branches:
Dungeon (4/15)
 Temple: D:4-7

Altars:
Cheibriados
Vehumet


Innate Abilities, Weirdness & Mutations

Your plain brown scales are hard. (AC +5)
You cannot fit into any form of body armour.
You are cold-blooded and may be slowed by cold attacks.


Message History

Eating one of 2 chunks of flesh {@w0}.
You start eating one of the 2 chunks of flesh {@w0}.
You continue eating. x2
Your transformation is almost over.
You finish eating.
You see here a ring mail.
Your magical contamination has completely faded away.
MP restored: 8 Your talons disappear.
All of the chunks of flesh in your inventory have rotted away.
You now have 158 gold pieces (gained 8).
Done exploring.
Health restored: 42 Done exploring.
Done exploring.
Okay, then.
Done exploring.
Done exploring.
Done exploring.
(D) Dungeon
Where to? (Enter - D:3, ? - help)
A hobgoblin comes into view. It is wielding a club.
The hobgoblin moves out of view.
Unknown command.
No target in view!
No target in view!
Done exploring.
Done exploring.
No target in view!
Done exploring.
No target in view!
(D) Dungeon
Where to? (Enter - D:4, ? - help)
The hobgoblin shouts!
The hobgoblin misses you.
You barely miss the hobgoblin. You tail-slap the hobgoblin.
The hobgoblin hits you with a club.
You take 3 damage, and have 39/42 hp.
Unknown command.
You closely miss the hobgoblin. You hit the hobgoblin but do no damage.
The hobgoblin hits you but does no damage.
You hit the hobgoblin.
You kill the hobgoblin!
Cheibriados appreciates the change of pace.
No target in view!
No target in view!
No target in view!
Done exploring.
Done exploring.
Done exploring.
Done exploring.
Done exploring.
Done exploring.
(D) Dungeon
Where to? (Enter - D:4, ? - help)
You see here a club.
There is a stone staircase leading up here.
There is a stone staircase leading down here.
You climb downwards.
An iguana and a jelly come into view.
The jelly quivers.
There is a stone staircase leading up here.
Health restored: 42 You grow a pair of large bovine horns.
Your transformation is almost over.
The iguana hisses angrily.
The iguana moves out of view.
You now have 7/8 mp.
You hit the jelly but do no damage. The acid corrodes you!
Your hands burn!
The jelly barely misses you.
You take 2 damage, and have 40/42 hp.
Unknown command.
You hit the jelly.
Your hands burn!
The jelly hits you. The acid corrodes you!
You are splashed with acid!
The acid burns!
You take 11 damage, and have 29/42 hp.
MASSIVE DAMAGE!!
You hit the jelly but do no damage.
Your hands burn!
You headbutt the jelly. The jelly hits you.
You are splashed with acid!
The acid burns!
* * * LOW HITPOINT WARNING * * *
You take 17 damage, and have 12/42 hp.
MASSIVE DAMAGE!!
There is a stone staircase leading up here.
The jelly hits you.
* * * LOW HITPOINT WARNING * * *
The acid corrodes you!
You are splashed with acid!
The acid burns!
* * * LOW HITPOINT WARNING * * *
You climb upwards.
There is a stone staircase leading down here.
You take 10 damage, and have 2/42 hp.
MASSIVE DAMAGE!!
Your horns disappear.
There is a stone staircase leading up here.
MP restored: 8 You miscast Sticks to Snakes.
You are very lightly contaminated with residual magic.
Nothing appears to happen.
The jelly hits you.
* * * LOW HITPOINT WARNING * * *
The acid corrodes you!
You are splashed with acid!
The acid burns!
You die...

##########
#........#
#.######.# ##
#.# #.# .#
####.### #.#
.# #......#
#.# .#
#.##.#.# #J#
.# #.##.#.#
#@# .#
#.##.#.# #.###
.# #.##.#.#
#...# .#
#.##.#.# ###.#
.#####.##.#.#
#.#
###########
..........#.#
#.#
#.........#
.#####.####.##
#.#
#.#######.# .#
#.###...##
#.###.#####
#.## .#
##.##.....##
#....)....#
#...


You could see a jelly.

Vanquished Creatures
  A jelly (D:2)
  2 gnolls (D:2)
  5 adders
  An ooze (D:1)
  2 worms (D:3)
  3 dart slugs
  2 leopard geckos (D:1)
  A ball python (D:1)
  2 giant cockroaches (D:1)
  11 goblins
  6 hobgoblins
  2 jackals (D:2)
  2 quokkas
  9 bats
  3 frilled lizards
  11 kobolds
  7 rats
70 creatures vanquished.

Vanquished Creatures (collateral kills)
  A gnoll (D:2)
1 creature vanquished.

Grand Total: 71 creatures vanquished

Notes
Turn   | Place    | Note
-------+----------+-------------------------------------------
     0 | D:1      | tyvek the Draconian Transmuter began the quest for the Orb.
     0 | D:1      | Reached XP level 1. HP: 16/16 MP: 3/3
   440 | D:1      | Reached XP level 2. HP: 23/23 MP: 5/5
   546 | D:1      | HP: 5/23 [hobgoblin/club (4)]
   560 | D:1      | HP: 2/23 [hobgoblin/club (2)]
  1514 | D:1      | Learned a level 2 spell: Sticks to Snakes
  1654 | D:1      | Reached skill level 2 in Dodging
  1654 | D:1      | Reached XP level 3. HP: 26/28 MP: 4/6
  2610 | D:2      | Reached skill level 3 in Transmutations
  2610 | D:2      | Reached XP level 4. HP: 25/36 MP: 5/7
  2619 | D:2      | HP: 7/36 [gnoll/spear (4)]
  2942 | D:2      | Reached skill level 2 in Fighting
  2942 | D:2      | Reached skill level 4 in Unarmed Combat
  2947 | D:2      | HP: 9/36 [poisoned by an adder]
  2952 | D:2      | HP: 8/36 [poisoned by an adder]
  2959 | D:2      | HP: 7/36 [poisoned by an adder]
  2967 | D:2      | HP: 6/36 [poisoned by an adder]
  3665 | D:3      | Reached XP level 5. HP: 41/41 MP: 8/8
  3723 | D:3      | Found a radiant altar of Vehumet.
  4139 | D:3      | Found a snail-covered altar of Cheibriados.
  4153 | D:3      | Became a worshipper of Cheibriados the Contemplative
  4245 | D:4      | HP: 9/42 [jelly (3)]
  4245 | D:4      | HP: 2/42 [acid (7)]
  4248 | D:3      | Splashed by a jelly's acid

Vault maps used:
D:1:      evilmike_arrival_rings
D:2:      first_bread, st_stairs_2
D:3:      kennysheep_slug_shrine, vehumet_crystals
D:4:      trog_eyes_of_draining, nemelex_xobeh_ov_fountains_minmay

Skill      XL: |  1  2  3  4 |
---------------+-------------+-----
Dodging        | 2 |  2.4
Transmutations | 3 |  3.4
Fighting       | 2 |  2.4
Unarmed Combat | 4 |  4.4
Spellcasting   | |  2.0

Action                   |  1- 3 |  4- 6 || total
-------------------------+-------+-------++-------
Melee: Unarmed           |   135 |    95 ||   230
       Tailslap          |     9 |    17 ||    26
       Kick              |     5 |     2 ||     7
       Headbutt          |     6 |     1 ||     7
       Punch             |       |     1 ||     1
 Cast: Beastly Appendage |    22 |    10 ||    32
       Sticks to Snakes  |       |     7 ||     7
Evoke: Wand              |       |     4 ||     4
  Use: Scroll            |       |     5 ||     5
  Eat: Chunk             |     6 |     6 ||    12
Armor: Skin              |    53 |    24 ||    77
Dodge: Dodged            |   101 |    75 ||   176

Vault maps used:
D:1:      evilmike_arrival_rings
D:2:      first_bread, st_stairs_2
D:3:      kennysheep_slug_shrine, vehumet_crystals
D:4:      trog_eyes_of_draining, nemelex_xobeh_ov_fountains_minmay

Table legend:
 A = Turns spent in this place as a percentage of turns spent in the entire game.
 B = Non-inter-level travel turns spent in this place as a percentage of non-inter-level travel turns spent in the entire game.
 C = Inter-level travel turns spent in this place as a percentage of turns spent in this place.
 D = Turns resting spent in this place as a percentage of non-inter-level travel turns spent in this place.
 E = Turns spent auto-exploring this place as a percentage of non-inter-level travel turns spent in this place.
 F = Non-inter-level travel turns spent in this place divided by the number of levels of this place that you've seen.
                   A       B       C       D       E      F
               +-------+-------+-------+-------+-------+----------------------
         Total | 100.0 | 100.0 |   0.5 |   6.2 |   8.6 | 316.5
       Dungeon | 100.0 | 100.0 |   0.5 |   6.2 |   8.6 | 316.5
               +-------+-------+-------+-------+-------+----------------------

Table legend:
 A = Kills in this place as a percentage of kills in entire the game.
 B = Kills by you in this place as a percentage of kills by you in the entire game.
 C = Kills by friends in this place as a percentage of kills by friends in the entire game.
 D = Other kills in this place as a percentage of other kills in the entire game.
 E = Experience gained in this place as a percentage of experience gained in the entire game.
 F = Experience gained in this place divided by the number of levels of this place that you have seen.
                   A       B       C       D       E      F
               +-------+-------+-------+-------+-------+----------------------
         Total | 100.0 | 100.0 | 100.0 |  -nan | 100.0 |  63.0
       Dungeon | 100.0 | 100.0 | 100.0 |  -nan | 100.0 |  63.0
               +-------+-------+-------+-------+-------+----------------------
